 Dungeon Crawl Stone Soup version 0.30-a0-1160-g6e42c06551 (webtiles) character file.

Game seed: 11376180410253607364

60 retardedninja the Firebug (level 4, -4/32 HPs)
             Began as a Gnoll Fire Elementalist on Apr 26, 2023.
             Killed by nerve-wracking pain
             ... invoked by an orc priest
              (14 damage)
             ... on level 3 of the Dungeon.
             The game lasted 00:02:59 (2219 turns).

retardedninja the Firebug (Gnoll Fire Elementalist) Turns: 2219, Time: 00:03:00

Health: -4/32      AC:  3    Str:  7    XL:     4   Next: 6%
Magic:  2/11       EV: 13    Int: 17    God:
Gold:   46         SH:  0    Dex: 12    Spells: 12/13 levels left

rFire   . .          .
                       - Unarmed
rCold   . . .        (no shield)
rNeg    . . .        a - +0 robe
rPois   .            (no helmet)
rElec   .            (no cloak)
rCorr   .            k - +0 pair of gloves
SInv    .            (no boots)
Will    .....        (no amulet)
Stlth   ++           (no ring)
HPRegen 0.25/turn    (no ring)
MPRegen 0.12/turn

%: no passive effects
@: attractive
A: fangs 1, strong nose, distributed training
a: no special abilities


You were on level 3 of the Dungeon.
You visited 1 branch of the dungeon, and saw 3 of its levels.

You collected 46 gold pieces.

Inventory:

Armour
 a - a +0 robe (worn)
 k - a +0 pair of gloves (worn)
Jewellery
 m - an amulet of magic regeneration
Scrolls
 l - a scroll of poison {unknown}
Potions
 b - a potion of magic
 c - 2 potions of mutation
 d - a potion of cancellation {unknown}
 f - a potion of lignification {unknown}
 g - a potion of attraction
 h - a potion of heal wounds
 i - a potion of curing {unknown}


   Skills:
 + Level 1.0 Fighting
 + Level 1.0 Short Blades
 + Level 1.0 Long Blades
 + Level 1.0 Axes
 + Level 1.0 Maces & Flails
 + Level 1.0 Polearms
 + Level 1.0 Staves
 + Level 1.0 Ranged Weapons
 + Level 1.0 Throwing
 + Level 1.0 Armour
 + Level 4.6 Dodging
 + Level 4.2 Stealth
 + Level 1.0 Shields
 + Level 1.0 Unarmed Combat
 + Level 5.0 Spellcasting
 + Level 2.2 Conjurations
 + Level 0.8 Hexes
 + Level 0.8 Summonings
 + Level 0.8 Necromancy
 + Level 0.8 Translocations
 + Level 0.8 Transmutations
 + Level 5.4 Fire Magic
 + Level 0.8 Ice Magic
 + Level 0.8 Air Magic
 + Level 0.8 Earth Magic
 + Level 0.8 Poison Magic
 + Level 1.1 Invocations
 + Level 1.0 Evocations


You had 12 spell levels left.
You knew the following spells:

 Your Spells              Type           Power      Damage    Failure   Level
a - Foxfire               Conj/Fire      68%        2x1d7     3%          1

Your spell library contained the following spells:

 Spells                   Type           Power      Damage    Failure   Level
 Scorch                   Fire           44%        2d7       2%          2
 Inner Flame              Hex/Fire       15%        N/A       12%         3
 Volatile Blastmotes      Fire/Tloc      30%        2d12      12%         3
 Flame Wave               Conj/Fire      17%        2d7       28%         4


Dungeon Overview and Level Annotations

Branches:
Dungeon (3/15)

Altars:
Okawaru

Shops:
D:3 (


Innate Abilities, Weirdness & Mutations

You have very sharp teeth.
Your uncanny sense of smell can sniff out nearby items.
Your experience applies equally to all skills.


Message History

Pain shoots through your body!
* * * LOW HITPOINT WARNING * * *
You hit the orc priest but do no damage.
The foxfire hits the orc.
The orc is moderately wounded.
The orc barely misses you.
The orc priest hits you but does no damage.
Casting: Foxfire (safe; 3% risk of failure)
Press: ? - help, Q - select action Dir - look around, f - activate You conjure some foxfire!
The orc closely misses you.
The orc priest looks satisfied for a moment.
You barely miss the orc priest.
The foxfire hits the orc.
You kill the orc!
The orc priest closely misses you.
Casting: Foxfire (safe; 3% risk of failure)
Press: ? - help, Q - select action Dir - look around, f - activate You conjure some foxfire!
The orc priest hits you with a +0 flail.
* * * LOW HITPOINT WARNING * * *
You barely miss the orc priest.
You bite the orc priest, but do no damage.
The foxfire hits the orc priest.
The orc priest is moderately wounded.
The foxfire hits the orc priest.
The orc priest is moderately wounded.
The orc priest barely misses you.
Casting: Foxfire (safe; 3% risk of failure)
Press: ? - help, Q - select action Dir - look around, f - activate You conjure some foxfire!
The orc priest barely misses you.
You barely miss the orc priest.
The orc priest is moderately wounded.
The foxfire hits the orc priest.
The orc priest is heavily wounded.
The foxfire hits the orc priest.
The orc priest is severely wounded.
The orc priest mumbles some strange prayers to Beogh against you.
Pain shoots through your body!
You die...

### ### ###
#§#######§##########.#
#§......)@#..........#
#o#######o#.########.#
#§# #...# ###.# #§#
##########...##### #§#
#............ #o#
#............ #..
............. ....
............. >....
#############


You could see an orc priest.

Vanquished Creatures
  An adder (D:2)
  An adder zombie (D:2)
  A worm (D:2)
  A dart slug (D:1)
  2 orcs (D:3)
  A bat (D:3)
  6 endoplasms
  5 giant cockroaches
  5 goblins
  2 hobgoblins
  3 kobolds
  A quokka (D:1)
  2 ball pythons (D:1)
  A ball python zombie (D:2)
  2 frilled lizards (D:1)
  3 rats (D:1)
37 creatures vanquished.

Vanquished Creatures (others)
  174 foxfires
  2 plants (D:3)
176 creatures vanquished.

Grand Total: 213 creatures vanquished

Notes
Turn   | Place    | Note
-------+----------+-------------------------------------------
     0 | D:1      | retardedninja the Gnoll Fire Elementalist began the quest
                  | for the Orb.
     0 | D:1      | Reached XP level 1. HP: 13/13 MP: 6/6
   231 | D:1      | Reached XP level 2. HP: 19/19 MP: 5/7
   850 | D:1      | Reached skill level 5 in Spellcasting
   850 | D:1      | Reached XP level 3. HP: 25/25 MP: 5/9
  1280 | D:2      | Reached skill level 1 in Invocations
  1348 | D:2      | Found an iron altar of Okawaru.
  1373 | D:2      | Reached skill level 1 in Fighting
  1373 | D:2      | Reached skill level 1 in Short Blades
  1373 | D:2      | Reached skill level 1 in Long Blades
  1373 | D:2      | Reached skill level 1 in Axes
  1373 | D:2      | Reached skill level 1 in Maces & Flails
  1373 | D:2      | Reached skill level 1 in Polearms
  1373 | D:2      | Reached skill level 1 in Staves
  1373 | D:2      | Reached skill level 1 in Ranged Weapons
  1373 | D:2      | Reached skill level 1 in Throwing
  1373 | D:2      | Reached skill level 1 in Armour
  1373 | D:2      | Reached skill level 1 in Shields
  1373 | D:2      | Reached skill level 1 in Unarmed Combat
  1373 | D:2      | Reached skill level 1 in Evocations
  1623 | D:2      | Found a faded altar of an unknown god.
  2028 | D:3      | Found Kaec's Antique Weapon Emporium.
  2198 | D:3      | HP: 1/26 [orc priest/+0 flail (1)]
  2204 | D:3      | Reached XP level 4. HP: 19/32 MP: 8/11
  2219 | D:3      | Killed from afar by an orc priest

Illustrated notes

Levels and vault maps discovered:
D:1:      grunt_arrival_crossed_arrows, layout_basic, serial_bayou_pond_e
D:2:      layout_loops_ring, hellmonk_ecumenical_altar_blasted, serial_undead,
          serial_undead_f, serial_undead_e, serial_undead_e, serial_undead_e,
          serial_undead_d, serial_undead_e, basic_altar
D:3:      layout_basic, serial_shops, nicolae_shop_hallway_plus, shop,
          nicolae_shop_just_a_little_nook, nicolae_shop_advertising_works
          [nicolae_subvault_shop_adworks], guppyfry_early_lair_pool

Skill      XL: |  1  2  3 |
---------------+----------+-----
Conjurations   | 2 |  2.2
Spellcasting   | 5 |  5.0
Invocations    | 1 |  1.1
Fighting       | 1 |  1.0
Short Blades   | 1 |  1.0
Long Blades    | 1 |  1.0
Axes           | 1 |  1.0
Maces & Flails | 1 |  1.0
Polearms       | 1 |  1.0
Staves         | 1 |  1.0
Ranged Weapons | 1 |  1.0
Throwing       | 1 |  1.0
Armour         | 1 |  1.0
Shields        | 1 |  1.0
Unarmed Combat | 1 |  1.0
Evocations     | 1 |  1.0
Dodging        | |  4.6
Stealth        | |  4.2
Hexes          | |  0.8
Summonings     | |  0.8
Necromancy     | |  0.8
Translocations | |  0.8
Transmutations | |  0.8
Fire Magic     | |  5.4
Ice Magic      | |  0.8
Air Magic      | |  0.8
Earth Magic    | |  0.8
Poison Magic   | |  0.8

Action                     |  1- 3 |  4- 6 || total
---------------------------+-------+-------++-------
  Melee: Unarmed           |     3 |     4 ||     7
         Bite              |     1 |     1 ||     2
   Cast: Foxfire           |   106 |     7 ||   113
    Use: Scroll            |     2 |       ||     2
         Potion            |     2 |       ||     2
 Armour: Robe              |     3 |     2 ||     5
  Dodge: Dodged            |    10 |    15 ||    25

Table legend: (Time is in decaauts)
 A = Elapsed time spent in this place.
 B = Non-inter-level travel time spent in this place.
 C = Inter-level travel time spent in this place.
 D = Time resting spent in this place.
 E = Time spent auto-exploring this place.
 F = Levels seen in this place.
 G = Mean time per level.
                   A        B        C        D        E       F      G
               +--------+--------+--------+--------+--------+-----+--------+
         Total |   2219 |   2199 |     20 |    102 |   1768 |   3 |  739.7 |
       Dungeon |   2219 |   2199 |     20 |    102 |   1768 |   3 |  739.7 |
               +--------+--------+--------+--------+--------+-----+--------+

Top non-repeatable levels by time:
     D:1: 1116 daAuts
     D:2: 761 daAuts
     D:3: 341 daAuts
